| TOP OF THE 1ST |
|
Americus Braves batting - Pitching for Madison Brewers : LHP Hiroshi Matsuda
|
|
Pitching: LHP Hiroshi Matsuda
|
|
|
Batting: RHB Ryan Cole
|
0-0: Ball 1-0: Ball 2-0: Ground out U3 (Groundball, 34, EV 97.5 MPH)
|
|
Batting: RHB Wilson Salgado
|
0-0: Ball 1-0: Ball 2-0: Ground out 6-3 (Groundball, 6S, EV 80.6 MPH)
|
|
Batting: LHB Garret Mathis
|
0-0: Ball 1-0: Ball 2-0: Ball 3-0: Base on Balls
|
|
Batting: RHB Scott Hansen
|
0-0: Foul Ball, location: 2F 0-1: Ball 1-1: Ball 2-1: Ball Wild Pitch! Garret Mathis to second 3-1: Base on Balls
|
|
Batting: RHB Ricardo Joya
|
0-0: Swinging Strike 0-1: 3-RUN HOME RUN (Flyball, 9D, EV 101.2 MPH), Distance : 406 ft
|
|
Batting: RHB Jose Hurtado
|
0-0: Called Strike 0-1: SINGLE (Groundball, 34D, EV 108.1 MPH)
|
|
Batting: RHB Juan Gonzalez
|
0-0: Fly out, F9 (Flyball, 9D, EV 90.0 MPH)
|
| Top of the 1st over - 3 runs, 2 hits, 0 errors, 1 left on base; Americus 3 - Madison 0 |
| BOTTOM OF THE 1ST |
|
Madison Brewers batting - Pitching for Americus Braves : RHP Jose Rivero
|
|
Pitching: RHP Jose Rivero
|
|
|
Batting: LHB Andy Buschlen
|
0-0: Ball 1-0: Foul Ball, location: 2F 1-1: Fly out, F5 (Popup, 5L, EV 60.6 MPH)
|
|
Batting: LHB Jose Simental
|
0-0: Ball 1-0: Ball 2-0: Called Strike 2-1: Foul Ball, location: 2F 2-2: Foul Ball, location: 2F 2-2: Foul Ball, location: 2F 2-2: Foul Ball, location: 2F 2-2: Ball 3-2: Base on Balls
|
|
Batting: LHB Bill Kovac
|
0-0: Called Strike 0-1: Called Strike 0-2: Ball 1-2: Foul Ball, location: 2F 1-2: Foul Ball, location: 2F 1-2: Strikes out swinging
|
|
Batting: RHB Jelani Griffin
|
0-0: Called Strike 0-1: Swinging Strike 0-2: Ball Jose Simental steals 2nd base 1-2: Ball 2-2: Ball 3-2: Fly out, F8 (Flyball, 78S, EV 93.1 MPH)
|
| Bottom of the 1st over - 0 runs, 0 hits, 0 errors, 1 left on base; Americus 3 - Madison 0 |
| TOP OF THE 2ND |
|
Americus Braves batting - Pitching for Madison Brewers : LHP Hiroshi Matsuda
|
|
Batting: LHB Pappy Sterile
|
0-0: Foul Ball, location: 2F 0-1: Called Strike 0-2: Strikes out swinging
|
|
Batting: RHB Bart Stevensdick
|
0-0: Called Strike 0-1: Foul Ball, location: 2F 0-2: Strikes out looking
|
|
Batting: RHB Ryan Cole
|
0-0: Foul Ball, location: 2F 0-1: Foul Ball, location: 2F 0-2: Fly out, F9 (Flyball, 89S, EV 75.6 MPH)
|
| Top of the 2nd over - 0 runs, 0 hits, 0 errors, 0 left on base; Americus 3 - Madison 0 |
| BOTTOM OF THE 2ND |
|
Madison Brewers batting - Pitching for Americus Braves : RHP Jose Rivero
|
|
Batting: RHB Steve Brock
|
0-0: Ball 1-0: Called Strike 1-1: Ground out 4-3 (Groundball, 4, EV 89.4 MPH)
|
|
Batting: LHB Tony Hasbun
|
0-0: Called Strike 0-1: Ball 1-1: Ball 2-1: Fly out, F8 (Flyball, 8RM, EV 81.2 MPH)
|
|
Batting: RHB Fernando Mejia
|
0-0: Foul Ball, location: 2F 0-1: Ball 1-1: Ball 2-1: Ball 3-1: Base on Balls
|
|
Batting: RHB Malcolm McCauley
|
0-0: Swinging Strike 0-1: Ball 1-1: Fly out, F7 (Flyball, 78M, EV 87.5 MPH)
|
| Bottom of the 2nd over - 0 runs, 0 hits, 0 errors, 1 left on base; Americus 3 - Madison 0 |
| TOP OF THE 3RD |
|
Americus Braves batting - Pitching for Madison Brewers : LHP Hiroshi Matsuda
|
|
Batting: RHB Wilson Salgado
|
0-0: Ball 1-0: Ball 2-0: Ball 3-0: Called Strike 3-1: Called Strike 3-2: Strikes out swinging
|
|
Batting: LHB Garret Mathis
|
0-0: Called Strike 0-1: Foul Ball, location: 2F 0-2: Ball 1-2: Ball 2-2: Strikes out looking
|
|
Batting: RHB Scott Hansen
|
0-0: Ball 1-0: Ball 2-0: Foul Ball, location: 2F 2-1: Ball 3-1: SINGLE (Groundball, 6MD, EV 98.1 MPH)
|
|
Batting: RHB Ricardo Joya
|
0-0: Called Strike 0-1: Foul Ball, location: 2F 0-2: Strikes out swinging
|
| Top of the 3rd over - 0 runs, 1 hit, 0 errors, 1 left on base; Americus 3 - Madison 0 |
| BOTTOM OF THE 3RD |
|
Madison Brewers batting - Pitching for Americus Braves : RHP Jose Rivero
|
|
Batting: RHB Kelan Rae
|
0-0: Fly out, F4 (Popup, 34, EV 69.4 MPH)
|
|
Batting: LHB Andy Buschlen
|
0-0: Ball 1-0: Called Strike 1-1: Fly out, F9 (Flyball, 89D, EV 106.2 MPH)
|
|
Batting: LHB Jose Simental
|
0-0: Ground out 6-3 (Groundball, 6, EV 86.9 MPH)
|
| Bottom of the 3rd over - 0 runs, 0 hits, 0 errors, 0 left on base; Americus 3 - Madison 0 |
| TOP OF THE 4TH |
|
Americus Braves batting - Pitching for Madison Brewers : LHP Hiroshi Matsuda
|
|
Batting: RHB Jose Hurtado
|
0-0: Called Strike 0-1: Ground out 6-3 (Groundball, 56D, EV 79.4 MPH)
|
|
Batting: RHB Juan Gonzalez
|
0-0: Called Strike 0-1: Called Strike 0-2: Strikes out swinging
|
|
Batting: LHB Pappy Sterile
|
0-0: Foul Ball, location: 2F 0-1: Foul Ball, location: 2F 0-2: Foul Ball, location: 2F 0-2: Ball 1-2: Ball 2-2: Strikes out swinging
|
| Top of the 4th over - 0 runs, 0 hits, 0 errors, 0 left on base; Americus 3 - Madison 0 |
| BOTTOM OF THE 4TH |
|
Madison Brewers batting - Pitching for Americus Braves : RHP Jose Rivero
|
|
Batting: LHB Bill Kovac
|
0-0: Ball 1-0: Called Strike 1-1: Called Strike 1-2: Strikes out looking
|
|
Batting: RHB Jelani Griffin
|
0-0: Ball 1-0: Ball 2-0: Ball 3-0: Called Strike 3-1: Called Strike 3-2: Ground out 5-3 (Groundball, 5, EV 86.9 MPH)
|
|
Batting: RHB Steve Brock
|
0-0: Ball 1-0: Ball 2-0: Ball 3-0: Base on Balls
|
|
Batting: LHB Tony Hasbun
|
0-0: Ball 1-0: Ball 2-0: SINGLE (Line Drive, 6D, EV 98.1 MPH) Steve Brock to second
|
|
Batting: RHB Fernando Mejia
|
0-0: Ball 1-0: Ball 2-0: Foul Ball, location: 2F 2-1: Called Strike 2-2: Fly out, F8 (Flyball, 8RD, EV 98.1 MPH)
|
| Bottom of the 4th over - 0 runs, 1 hit, 0 errors, 2 left on base; Americus 3 - Madison 0 |
| TOP OF THE 5TH |
|
Americus Braves batting - Pitching for Madison Brewers : LHP Hiroshi Matsuda
|
|
Batting: RHB Bart Stevensdick
|
0-0: Ball 1-0: Called Strike 1-1: Foul Ball, location: 2F 1-2: Strikes out swinging
|
|
Batting: RHB Ryan Cole
|
0-0: Ball 1-0: Called Strike 1-1: Ball 2-1: Swinging Strike 2-2: Foul Ball, location: 2F 2-2: Foul Ball, location: 2F 2-2: Strikes out swinging
|
|
Batting: RHB Wilson Salgado
|
0-0: Ball 1-0: Ball 2-0: Called Strike 2-1: Foul Ball, location: 2F 2-2: Foul Ball, location: 2F 2-2: Strikes out looking
|
| Top of the 5th over - 0 runs, 0 hits, 0 errors, 0 left on base; Americus 3 - Madison 0 |
| BOTTOM OF THE 5TH |
|
Madison Brewers batting - Pitching for Americus Braves : RHP Jose Rivero
|
|
Batting: RHB Malcolm McCauley
|
0-0: Ball 1-0: Called Strike 1-1: Ball 2-1: Foul Ball, location: 2F 2-2: Strikes out swinging
|
|
Batting: RHB Kelan Rae
|
0-0: Called Strike 0-1: Foul Ball, location: 2F 0-2: Ball 1-2: Ball 2-2: Strikes out swinging, 2-3 out at first.
|
|
Batting: LHB Andy Buschlen
|
0-0: Ball 1-0: Foul Ball, location: 2F 1-1: Called Strike 1-2: DOUBLE (Line Drive, 5D, EV 98.8 MPH)
|
|
Batting: LHB Jose Simental
|
0-0: Foul Ball, location: 2F 0-1: Reached via error on a dropped throw from 1B, E1 (Groundball, 34, EV 86.9 MPH) Andy Buschlen to third
|
|
Batting: LHB Bill Kovac
|
0-0: Called Strike 0-1: Called Strike 0-2: Ball 1-2: Ball 2-2: Ball 3-2: Foul Ball, location: 2F 3-2: Strikes out swinging
|
| Bottom of the 5th over - 0 runs, 1 hit, 1 error, 2 left on base; Americus 3 - Madison 0 |
| TOP OF THE 6TH |
|
Americus Braves batting - Pitching for Madison Brewers : LHP Hiroshi Matsuda
|
|
Batting: LHB Garret Mathis
|
0-0: Ball 1-0: Called Strike 1-1: Ball 2-1: Ball 3-1: Base on Balls
|
|
Pitching: RHP Josh Brakefield
|
|
|
Batting: RHB Scott Hansen
|
0-0: Fly out, F3 (Popup, 3SF, EV 70.0 MPH)
|
|
Batting: RHB Ricardo Joya
|
0-0: Called Strike 0-1: Ball Wild Pitch! Garret Mathis to second 1-1: Intentional Walk
|
|
Batting: RHB Jose Hurtado
|
0-0: Called Strike 0-1: Ball 1-1: Foul Ball, location: 2F 1-2: Strikes out swinging
|
|
Batting: RHB Juan Gonzalez
|
0-0: Ball 1-0: Ball 2-0: Called Strike 2-1: Hit by Pitch Garret Mathis to third Ricardo Joya to second
|
|
Batting: LHB Pappy Sterile
|
0-0: SINGLE (Flyball, 9LS, EV 92.5 MPH) Garret Mathis scores Ricardo Joya to third Juan Gonzalez to second
|
|
Batting: RHB Bart Stevensdick
|
0-0: Ground out 4-3 (Groundball, 4S, EV 86.2 MPH)
|
| Top of the 6th over - 1 run, 1 hit, 0 errors, 3 left on base; Americus 4 - Madison 0 |
| BOTTOM OF THE 6TH |
|
Madison Brewers batting - Pitching for Americus Braves : RHP Jose Rivero
|
|
Batting: RHB Jelani Griffin
|
0-0: Foul Ball, location: 2F 0-1: Ball 1-1: Ball 2-1: Called Strike 2-2: Ball 3-2: Fly out, F9 (Flyball, 9S, EV 95.6 MPH)
|
|
Batting: RHB Steve Brock
|
0-0: Ball 1-0: Foul Ball, location: 2F 1-1: SOLO HOME RUN (Flyball, 7D, EV 93.8 MPH), Distance : 357 ft
|
|
Batting: LHB Tony Hasbun
|
0-0: Foul Ball, location: 2F 0-1: Ball 1-1: Ball 2-1: Fly out, F7 (Flyball, 78M, EV 89.4 MPH)
|
|
Batting: RHB Fernando Mejia
|
0-0: Ball 1-0: Ground out 6-3 (Groundball, 6MS, EV 76.9 MPH)
|
| Bottom of the 6th over - 1 run, 1 hit, 0 errors, 0 left on base; Americus 4 - Madison 1 |
| TOP OF THE 7TH |
|
Americus Braves batting - Pitching for Madison Brewers : RHP Josh Brakefield
|
|
Batting: RHB Ryan Cole
|
0-0: Ball 1-0: Called Strike 1-1: Ground out 5-3 (Groundball, 56, EV 84.4 MPH)
|
|
Now at 3B: Noah Peek
|
|
|
Batting: RHB Wilson Salgado
|
0-0: Called Strike 0-1: Swinging Strike 0-2: SINGLE (Groundball, 6MD, EV 95.6 MPH)
|
|
Batting: LHB Garret Mathis
|
0-0: Ball 1-0: Called Strike Wilson Salgado is caught stealing 2nd base 2-6 1-1: Foul Ball, location: 2F 1-2: Ball 2-2: Strikes out looking
|
| Top of the 7th over - 0 runs, 1 hit, 0 errors, 0 left on base; Americus 4 - Madison 1 |
| BOTTOM OF THE 7TH |
|
Madison Brewers batting - Pitching for Americus Braves : RHP Jose Rivero
|
|
Pitching: RHP Norm Wamboldt
|
|
|
Pinch Hitting: LHB Jesus Huante
|
0-0: Called Strike 0-1: Foul Ball, location: 2F 0-2: Ball 1-2: Fly out, F7 (Line Drive, 7S, EV 93.1 MPH)
|
|
Batting: RHB Tristan Smeets
|
0-0: Fly out, F9 (Line Drive, 9, EV 92.5 MPH)
|
|
Batting: LHB Andy Buschlen
|
0-0: Swinging Strike 0-1: Foul Ball, location: 2F 0-2: Foul Ball, location: 2F 0-2: Ball 1-2: Fly out, F7 (Line Drive, 7, EV 108.1 MPH)
|
| Bottom of the 7th over - 0 runs, 0 hits, 0 errors, 0 left on base; Americus 4 - Madison 1 |
| TOP OF THE 8TH |
|
Americus Braves batting - Pitching for Madison Brewers : RHP Josh Brakefield
|
|
Now in CF: Sammar Wambugu
|
|
|
Batting: RHB Scott Hansen
|
0-0: Ball 1-0: Ball 2-0: Fly out, F8 (Flyball, 8LXD, EV 106.2 MPH)
|
|
Batting: RHB Ricardo Joya
|
0-0: Ball 1-0: Called Strike 1-1: Swinging Strike 1-2: Strikes out swinging
|
|
Batting: RHB Jose Hurtado
|
0-0: Called Strike 0-1: Ball 1-1: Ball 2-1: Ground out 4-3 (Groundball, 4, EV 76.2 MPH)
|
| Top of the 8th over - 0 runs, 0 hits, 0 errors, 0 left on base; Americus 4 - Madison 1 |
| BOTTOM OF THE 8TH |
|
Madison Brewers batting - Pitching for Americus Braves : RHP Norm Wamboldt
|
|
Batting: LHB Jose Simental
|
0-0: Ball 1-0: Foul Ball, location: 2F 1-1: Swinging Strike 1-2: Ball 2-2: Strikes out swinging
|
|
Batting: LHB Bill Kovac
|
0-0: Ball 1-0: Called Strike 1-1: Ball 2-1: Fly out, F7 (Flyball, 7S, EV 71.9 MPH)
|
|
Batting: RHB Jelani Griffin
|
0-0: Foul Ball, location: 2F 0-1: Swinging Strike 0-2: Ball 1-2: SINGLE (Groundball, 56D, EV 110.6 MPH)
|
|
Batting: RHB Steve Brock
|
0-0: Ball 1-0: Ball 2-0: Fly out, F8 (Flyball, 8RS, EV 87.5 MPH)
|
| Bottom of the 8th over - 0 runs, 1 hit, 0 errors, 1 left on base; Americus 4 - Madison 1 |
| TOP OF THE 9TH |
|
Americus Braves batting - Pitching for Madison Brewers : RHP Josh Brakefield
|
|
Batting: RHB Juan Gonzalez
|
0-0: Ball 1-0: Called Strike 1-1: Hit by Pitch
|
|
Batting: LHB Pappy Sterile
|
0-0: Called Strike 0-1: Bunted foul 0-2: SINGLE (Groundball, 6, EV 96.2 MPH) Juan Gonzalez to second
|
|
Batting: RHB Bart Stevensdick
|
0-0: Foul Ball, location: 2F 0-1: Called Strike 0-2: Grounds into double play, 4-6-3 (Groundball, 4, EV 86.9 MPH) Juan Gonzalez to third
|
|
Batting: RHB Ryan Cole
|
0-0: Intentional Walk
|
|
Batting: RHB Wilson Salgado
|
0-0: Foul Ball, location: 2F 0-1: Ball 1-1: Called Strike 1-2: Ball 2-2: Fly out, F8 (Flyball, 78D, EV 97.5 MPH)
|
| Top of the 9th over - 0 runs, 1 hit, 0 errors, 2 left on base; Americus 4 - Madison 1 |
| BOTTOM OF THE 9TH |
|
Madison Brewers batting - Pitching for Americus Braves : RHP Norm Wamboldt
|
|
Pitching: RHP Bill Marshall
|
|
|
Batting: LHB Tony Hasbun
|
0-0: Ball 1-0: Swinging Strike 1-1: Foul Ball, location: 2F 1-2: Strikes out swinging
|
|
Pinch Hitting: LHB Danny Roberts
|
0-0: Ball 1-0: Swinging Strike 1-1: Swinging Strike 1-2: Ball 2-2: Foul Ball, location: 2F 2-2: Strikes out looking
|
|
Pinch Hitting: RHB Mario Lopez
|
0-0: Ball 1-0: Fly out, F8 (Line Drive, 8RM, EV 87.5 MPH)
|
| Bottom of the 9th over - 0 runs, 0 hits, 0 errors, 0 left on base; Americus 4 - Madison 1 |
|